[Event "Titled Tuesday Blitz January 25 2022"]
[White "Kollars, Dmitrij"]
[Black "Piesik, Piotr"]
[WhiteFideId "12909572"]
[BlackFideId "1136194"]
[WhiteElo "2584"]
[BlackElo "2232"]
[Result "1-0"]
[Round "04"]
[TimeControl "180+1"]
[Date "2022.01.26"]
[WhiteClock "0:00:25"]
[BlackClock "0:00:10"]

1. Nf3 g6 2. e4 Bg7 3. d4 c6 4. h3 d6 5. c4 Nf6 6. Nc3 O-O 7. Bd3 Nbd7 8. e5 Ne8 9. Qe2 dxe5 10. dxe5 Nc5 11. Bc2 Bf5 12. Bxf5 gxf5 13. O-O Qd3 14. Qe3 Qxe3 15. Bxe3 Nd3 16. Bg5 f6 17. exf6 Nxf6 18. Rab1 e5 19. Rfd1 e4 20. Nd4 Nd7 21. Ne6 Rf7 22. Nd8 N7c5 23. Nxf7 Kxf7 24. Be3 a5 25. Ne2 a4 26. Rd2 Be5 27. g3 Ne6 28. Nc1 Ndc5 29. b4 axb3 30. axb3 f4 31. gxf4 Bxf4 32. b4 Rg8+ 33. Kf1 Na4 34. Rb3 Ke7 35. Bxf4 Nxf4 36. Rd4 Kf6 37. Rxe4 Kf5 38. Re7 Rd8 39. Rf7+ Ke5 40. Re3+ 1-0


[Site "https://www.chess.com"]

[Event "Titled Tuesday Blitz January 25 2022"]
[White "Korchmar, Vasiliy"]
[Black "Vivas Zamora, Fabian Ernesto"]
[WhiteFideId "24131750"]
[BlackFideId "3902480"]
[WhiteElo "2370"]
[BlackElo "1966"]
[Result "1-0"]
[Round "04"]
[TimeControl "180+1"]
[Date "2022.01.26"]
[WhiteClock "0:00:01"]
[BlackClock "0:00:02"]

1. d4 Nf6 2. Bf4 g6 3. Nc3 d5 4. e3 Bg7 5. h4 c5 6. Nb5 Na6 7. c3 h5 8. Nf3 O-O 9. Be2 Ne8 10. Ne5 Nac7 11. Nxc7 Nxc7 12. g4 hxg4 13. h5 Bf5 14. Bxg4 Qc8 15. hxg6 fxg6 16. Nxg6 Bxg4 17. Nxe7+ Kf7 18. Nxc8 Bxd1 19. Nd6+ Ke6 20. Rxd1 Rxf4 21. exf4 Kxd6 22. Rh7 Re8+ 23. Kf1 Re7 24. dxc5+ Kxc5 25. Rd3 Bf6 26. Rxe7 Bxe7 27. Kg2 Ne6 28. Kf3 Bd6 29. f5 Ng5+ 30. Kg4 Ne4 31. Rf3 Be5 32. Kh5 b5 33. Kg6 Nf6 34. Re3 Ng4 35. Re2 Kd6 36. f3 Nh2 37. f6 Bxf6 38. Kxf6 Nxf3 39. Rf2 1-0


[Site "https://www.chess.com"]

[Event "Titled Tuesday Blitz January 25 2022"]
[White "Kosakowski, Jakub"]
[Black "Vusatiuk, Vladimir"]
[WhiteFideId "1185080"]
[BlackFideId "14118610"]
[WhiteElo "2476"]
[BlackElo "2157"]
[Result "1/2-1/2"]
[Round "04"]
[TimeControl "180+1"]
[Date "2022.01.26"]
[WhiteClock "0:00:05"]
[BlackClock "0:00:11"]

1. e4 c5 2. Nf3 Qa5 3. c3 Nf6 4. e5 Nd5 5. Bc4 e6 6. O-O Nc6 7. d4 Be7 8. Re1 O-O 9. dxc5 Qxc5 10. Nbd2 d6 11. exd6 Bxd6 12. Qe2 Nf6 13. Bd3 Qh5 14. Nf1 Re8 15. Ng3 Bxg3 16. hxg3 e5 17. Bg5 Bg4 18. Bxf6 gxf6 19. Qc2 Bxf3 20. gxf3 Qxf3 21. Bxh7+ Kg7 22. Be4 Qg4 23. Kg2 Rh8 24. Rh1 Rxh1 25. Rxh1 Rh8 26. Bf3 Qc4 27. Rxh8 Kxh8 28. Qf5 Qe6 29. Qh5+ Kg7 30. Be4 Qxa2 31. b4 Kf8 32. Qh8+ Ke7 33. Qc8 Qa6 34. Qc7+ Ke6 35. g4 f5 36. Bxf5+ Kf6 37. Qd6+ Kg5 38. Qd2+ Kf6 39. Qd6+ Kg5 40. Kg3 Qc4 41. Qd2+ Kf6 42. Qh6+ Ke7 43. Qg5+ Kd6 44. Qf6+ Kc7 45. g5 Qxc3+ 46. Kg2 Qc4 47. b5 Qd5+ 48. f3 Nd4 49. Be4 Qxb5 50. Qxf7+ Kb6 51. Qxb7+ Kc5 52. Qxa7+ Kc4 53. Qa2+ Kc3 54. Qa1+ Kd2 55. Qf1 Qd7 56. Qf2+ Kc3 57. Qe3+ Kb4 58. Qd2+ Kc4 59. g6 Qe7 60. Qd3+ Kb4 61. Qd2+ Kc4 62. Qc1+ Kb4 63. Qb2+ Kc4 64. Qa2+ Kb4 65. Qd2+ Kc4 1/2-1/2


[Site "https://www.chess.com"]

[Event "Titled Tuesday Blitz January 25 2022"]
[White "Kucuksari, Kaan"]
[Black "Demin, Vladimir"]
[WhiteFideId "6380166"]
[BlackFideId "4167457"]
[WhiteElo "2305"]
[BlackElo "2515"]
[Result "1-0"]
[Round "04"]
[TimeControl "180+1"]
[Date "2022.01.26"]
[WhiteClock "0:00:05"]
[BlackClock "0:00:02"]

1. d4 Nf6 2. c4 e6 3. g3 d5 4. Nf3 Bb4+ 5. Bd2 Be7 6. Bg2 O-O 7. O-O c6 8. Qc2 b6 9. Bf4 Bb7 10. Rd1 Nbd7 11. Ne5 Rc8 12. Nc3 c5 13. cxd5 cxd4 14. dxe6 Nxe5 15. Bxb7 Rc5 16. Bxe5 Rxe5 17. e3 Qc7 18. exf7+ Rxf7 19. exd4 Rh5 20. Bf3 Rh6 21. Rac1 Qd7 22. Ne4 Rf8 23. Qc4+ Kh8 24. Ng5 Bd6 25. Qe6 Rg6 26. h4 h6 27. Qxd7 Nxd7 28. Be4 Rgf6 29. Nh3 g5 30. hxg5 hxg5 31. g4 Rh6 32. Kg2 Nf6 33. Bf5 Nd5 34. Rh1 Kg7 35. Nxg5 Nf4+ 36. Kf3 a5 37. Rxh6 Kxh6 38. Ne4 Bb8 39. Rh1+ Kg7 40. Rh7+ Kg8 41. Rb7 Nd5 42. Kg2 Nf4+ 43. Kf3 Nd5 44. Ng5 Re8 45. Be6+ Kf8 46. Bxd5 Rd8 47. Nh7+ 1-0


[Site "https://www.chess.com"]

[Event "Titled Tuesday Blitz January 25 2022"]
[White "Lavrov, Maxim"]
[Black "Visakh N R"]
[WhiteFideId "4166418"]
[BlackFideId "25012223"]
[WhiteElo "2192"]
[BlackElo "2454"]
[Result "0-1"]
[Round "04"]
[TimeControl "180+1"]
[Date "2022.01.26"]
[WhiteClock "0:00:01"]
[BlackClock "0:00:13"]

1. Nf3 d5 2. g3 Nd7 3. d4 Nb6 4. Bg2 Bf5 5. O-O e6 6. b3 h6 7. a4 a5 8. Bf4 Nf6 9. Nbd2 Bd6 10. Bxd6 cxd6 11. c4 O-O 12. Nh4 Bh7 13. cxd5 Nfxd5 14. e4 Nc3 15. Qf3 Rc8 16. Rfc1 Qg5 17. Qd3 Ncd5 18. Nhf3 Nb4 19. Qb5 Qxb5 20. axb5 Nc2 21. Rxa5 Nxd4 22. Rxc8 Nxf3+ 23. Bxf3 Rxc8 24. Ra7 Rb8 25. Nc4 Nc8 26. Ra1 Kf8 27. e5 d5 28. Nd6 Ke7 29. Rc1 Kd7 30. Nxf7 Bg6 31. Nh8 Be8 32. Bg4 Ra8 33. h4 Ne7 34. h5 Ra5 35. Be2 Ra2 36. Bf3 Rb2 37. Rc3 Nf5 38. Ng6 Nd4 39. Bg4 Bxg6 40. hxg6 Rxb3 41. Rc1 Rxb5 42. Rd1 Nc6 43. f4 Ke7 0-1


[Site "https://www.chess.com"]

[Event "Titled Tuesday Blitz January 25 2022"]
[White "Leiva, Gianmarco"]
[Black "Poliannikov, Danila"]
[WhiteFideId "3804399"]
[BlackFideId "30935245"]
[WhiteElo "2328"]
[BlackElo "2532"]
[Result "0-1"]
[Round "04"]
[TimeControl "180+1"]
[Date "2022.01.26"]
[WhiteClock "0:00:25"]
[BlackClock "0:00:05"]

1. e4 e5 2. Nf3 Nc6 3. Bc4 Bc5 4. O-O Nf6 5. d3 O-O 6. Re1 d6 7. c3 a6 8. Bb3 Ba7 9. h3 Be6 10. Bxe6 fxe6 11. Qb3 Qd7 12. Be3 Bxe3 13. Rxe3 Nh5 14. g3 Rab8 15. Nbd2 Qf7 16. Rf1 Kh8 17. Ng5 Qe7 18. h4 Rf6 19. Qd1 g6 20. Qg4 Rbf8 21. Rf3 Rxf3 22. Ndxf3 Ng7 23. Re1 Qf6 24. Re2 h6 25. Nh3 Qxf3 26. Qxf3 Rxf3 27. Rd2 Kg8 28. Kg2 Rf8 29. Ng1 Nh5 30. Nf3 Nf6 31. Nh2 Kg7 32. Nf3 Ng4 33. Ne1 d5 34. f3 Nf6 35. Nc2 Rd8 36. Re2 dxe4 37. dxe4 Rd1 38. Kf2 Nd7 39. Ne3 Ra1 40. a3 Nb6 41. Rd2 h5 42. c4 Nd4 43. c5 Nd7 44. c6 bxc6 45. Nc4 Kf6 46. Na5 Rc1 47. f4 Rc2 48. Rxc2 Nxc2 49. Nc4 exf4 50. gxf4 e5 51. Kf3 exf4 52. Kxf4 Nd4 53. e5+ Ke6 54. Ke4 Nb5 55. Na5 Na7 56. Nc4 c5 57. Kf4 Nc8 58. Kg5 Ne7 59. Kf4 Nd5+ 60. Ke4 Ne7 61. Kf4 Nf5 62. Kg5 Nxe5 63. Nd2 Ne7 64. Ne4 Nf7+ 65. Kf4 Kd5 66. Nf6+ Kc4 67. Ne8 Kb3 68. Nxc7 Kxb2 69. Nxa6 c4 70. a4 c3 71. Nc5 c2 72. Nd3+ Kc3 73. Nc1 Nd5+ 74. Ke4 Nb4 75. a5 Nd6+ 76. Ke5 Nf5 77. Kf6 Nxh4 78. a6 Nxa6 79. Kg5 Nf3+ 80. Kf4 Nd4 81. Kg3 Nb4 82. Kf2 Nd3+ 83. Ke3 Nxc1 84. Kf4 Nd3+ 0-1


[Site "https://www.chess.com"]

[Event "Titled Tuesday Blitz January 25 2022"]
[White "Loy, Konstantin"]
[Black "Kretov, Evgenij"]
[WhiteFideId "14122499"]
[BlackFideId "4167821"]
[WhiteElo "2084"]
[BlackElo "2303"]
[Result "0-1"]
[Round "04"]
[TimeControl "180+1"]
[Date "2022.01.26"]
[WhiteClock "0:00:01"]
[BlackClock "0:00:28"]

1. e4 c5 2. Nf3 Nc6 3. Nc3 g6 4. d4 cxd4 5. Nxd4 Bg7 6. Be3 Nf6 7. Bc4 O-O 8. Bb3 d6 9. f3 Bd7 10. h4 Nxd4 11. Bxd4 b5 12. h5 a5 13. hxg6 hxg6 14. Nd5 a4 15. Nxf6+ exf6 16. Bd5 Rc8 17. Qd2 Qc7 18. O-O-O b4 19. Kb1 Be6 20. Bxe6 fxe6 21. Be3 Rfd8 22. Bh6 Bh8 23. Bf4 e5 24. Be3 Bg7 25. g4 b3 26. axb3 axb3 27. cxb3 Rb8 28. Qh2 Kf7 29. Rd3 Rh8 30. Qg2 Qc6 31. Rhd1 Rhd8 32. Qd2 Bf8 33. Bh6 Be7 34. Be3 Qb5 35. Qc2 Rdc8 36. Rc3 Qa6 37. Rc1 Ra8 38. Qd3 Qa2+ 39. Kc2 Rxc3+ 40. Qxc3 Kg7 41. Rd1 Qa6 42. Kb1 Qe2 43. Rd2 Qxf3 44. Qc7 Qxe4+ 45. Rc2 Kf7 46. Bh6 Qxg4 47. Bd2 Qd1+ 48. Bc1 Qd5 49. Qc3 Qe4 0-1


[Site "https://www.chess.com"]

[Event "Titled Tuesday Blitz January 25 2022"]
[White "Maksimovic, Bojan"]
[Black "Jobava, Baadur"]
[WhiteFideId "14408120"]
[BlackFideId "13601520"]
[WhiteElo "2750"]
[BlackElo "2913"]
[Result "0-1"]
[Round "04"]
[TimeControl "180+1"]
[Date "2022.01.26"]
[WhiteClock "0:00:01"]
[BlackClock "0:00:21"]

1. e4 c6 2. d4 d5 3. Nc3 dxe4 4. Nxe4 Bf5 5. Nc5 b6 6. Nb3 e6 7. Nf3 Nd7 8. g3 Ngf6 9. Bg2 Rc8 10. O-O Be7 11. Qe2 O-O 12. Ne5 Nxe5 13. dxe5 Nd5 14. a3 b5 15. c4 bxc4 16. Qxc4 Nb6 17. Qc3 c5 18. Be3 Nd5 19. Qc1 c4 20. Nd4 Bd3 21. Rd1 Nxe3 22. fxe3 Qb6 23. Bf1 Rfd8 24. Bxd3 cxd3 25. Qd2 Rxd4 26. exd4 Qxd4+ 27. Qf2 Qxe5 28. Qf3 Qxb2 29. Rab1 Qxa3 30. Rxd3 Qc5+ 31. Kh1 Bf6 32. Rdb3 h6 33. Qe4 Qc2 34. Qxc2 Rxc2 35. Rb4 g5 36. Ra4 Rc7 37. Rb3 Kg7 38. Rba3 Rc1+ 39. Kg2 Rc2+ 40. Kh1 Be7 41. Ra2 Rc1+ 42. Kg2 Bc5 43. Ra6 Bb6 44. R6a4 f5 45. Kf3 Kf6 46. h3 h5 47. Kg2 g4 48. hxg4 hxg4 49. Rb4 Rg1+ 50. Kh2 Rc1 51. Rb3 e5 52. Kg2 f4 53. gxf4 exf4 54. Rb4 Kg5 55. Rb5+ Kh4 56. Rb4 f3+ 57. Kh2 Bc7+ 0-1


[Site "https://www.chess.com"]

[Event "Titled Tuesday Blitz January 25 2022"]
[White "Mirzoev, Azer"]
[Black "Ibrahimli, Murad"]
[WhiteFideId "13400304"]
[BlackFideId "13410229"]
[WhiteElo "2525"]
[BlackElo "2109"]
[Result "1/2-1/2"]
[Round "04"]
[TimeControl "180+1"]
[Date "2022.01.26"]
[WhiteClock "0:01:22"]
[BlackClock "0:00:10"]

1. d4 Nf6 2. Nf3 d5 3. Bf4 Bf5 4. e3 e6 5. Nbd2 Bd6 6. Bg3 Nbd7 7. c4 Bxg3 8. hxg3 c6 9. Qb3 Qc7 10. Be2 h6 11. O-O O-O 12. Rac1 Qb6 13. Rfd1 Bg4 14. Re1 Qxb3 15. Nxb3 a5 16. a3 a4 17. Nbd2 Ra5 18. Bf1 Rb8 19. Nh4 g5 20. Nhf3 Kf8 21. Be2 Bf5 22. Kf1 Bh7 23. Nb1 Bxb1 24. Rxb1 Ne4 25. Red1 f5 26. Ke1 Ke7 27. Rbc1 Kd6 28. Nd2 Nxd2 29. Rxd2 Nf6 30. Bd3 h5 31. Ke2 Rh8 32. Rh1 Raa8 33. Rc2 h4 34. gxh4 Rxh4 35. Rxh4 gxh4 36. cxd5 Nxd5 37. Kf3 Rh8 38. Rc4 b5 39. Rc1 h3 40. gxh3 Rxh3+ 41. Kg2 Rh8 42. Rh1 Rxh1 43. Kxh1 Nc7 44. Kg2 c5 45. dxc5+ Kxc5 46. Kf3 b4 47. axb4+ Kxb4 48. Bc2 Nd5 49. e4 fxe4+ 50. Kxe4 Nb6 51. Ke5 Nc4+ 52. Kxe6 Nxb2 53. Bxa4 Nxa4 54. f4 Nc5+ 55. Ke7 Ne4 56. f5 Kc4 57. Ke6 Kd4 58. f6 Nxf6 1/2-1/2


[Site "https://www.chess.com"]

[Event "Titled Tuesday Blitz January 25 2022"]
[White "Mischuk, Dmitry"]
[Black "Bauer, Thomas"]
[WhiteFideId "14118734"]
[BlackFideId "1639293"]
[WhiteElo "2256"]
[BlackElo "2220"]
[Result "1-0"]
[Round "04"]
[TimeControl "180+1"]
[Date "2022.01.26"]
[WhiteClock "0:00:04"]
[BlackClock "0:00:01"]

1. e4 d5 2. exd5 Qxd5 3. Nc3 Qd8 4. d4 Nf6 5. Bc4 g6 6. Nf3 Bg7 7. h3 O-O 8. O-O c6 9. Ne5 Nbd7 10. Qe2 Nb6 11. Be3 Nxc4 12. Qxc4 Be6 13. Qe2 Qc8 14. f4 Nd5 15. Nxd5 Bxd5 16. c4 Be4 17. g4 f5 18. Bf2 Qe6 19. Rad1 a6 20. g5 Rfd8 21. h4 Rd6 22. h5 Rad8 23. c5 Rd5 24. Be3 Bxe5 25. dxe5 Bd3 26. Rxd3 Rxd3 27. b3 gxh5 28. Re1 Qg6 29. Kf2 R8d5 30. Rh1 Rc3 31. Rxh5 Rdd3 32. Rh3 Qf7 33. e6 Qxe6 34. Qh5 Qg6 35. Qh4 Qf7 36. g6 Qe6 37. Qxh7+ Kf8 38. Qh8+ Qg8 39. Qh6+ Ke8 40. Qh8 Kf8 41. g7+ Kf7 42. Qh5+ Ke6 43. Qg6+ Kd7 44. Qxf5+ e6 45. Qf8 Rc2+ 46. Kf3 Rxe3+ 47. Kxe3 Rc3+ 48. Kd2 1-0


[Site "https://www.chess.com"]

[Event "Titled Tuesday Blitz January 25 2022"]
[White "Nakamura, Hikaru"]
[Black "Vokhidov, Shamsiddin"]
[WhiteFideId "2016192"]
[BlackFideId "14204223"]
[WhiteElo "3202"]
[BlackElo "2818"]
[Result "1-0"]
[Round "04"]
[TimeControl "180+1"]
[Date "2022.01.26"]
[WhiteClock "0:01:47"]
[BlackClock "0:01:13"]

1. Nf3 d5 2. e3 c5 3. b3 a6 4. Bb2 Nc6 5. d4 Nf6 6. Nbd2 cxd4 7. Nxd4 Bg4 8. Nxc6 bxc6 9. Be2 Bxe2 10. Qxe2 g6 11. Bxf6 exf6 12. O-O Bg7 13. c4 O-O 14. Rfd1 f5 15. Rac1 Qa5 16. cxd5 cxd5 17. Nf3 Rfc8 18. g3 Bf6 19. Kg2 Kg7 20. h4 h5 21. Rc2 Rxc2 22. Qxc2 Rd8 23. Rd2 Rd7 24. Qd3 Qb4 25. Qxa6 Rd6 26. Qd3 Qa5 27. Rc2 Qa8 28. Nd4 Ra6 29. a4 Rb6 30. Rc5 Rb4 31. Rb5 Rxb5 32. Qxb5 Qd8 33. Nf3 Qd6 34. a5 d4 35. exd4 f4 36. a6 Bxd4 37. Qd3 1-0


[Site "https://www.chess.com"]

[Event "Titled Tuesday Blitz January 25 2022"]
[White "Nozdrachev, Leonid"]
[Black "Harshavardhan G B"]
[WhiteFideId "24113433"]
[BlackFideId "25059009"]
[WhiteElo "2124"]
[BlackElo "1831"]
[Result "0-1"]
[Round "04"]
[TimeControl "180+1"]
[Date "2022.01.26"]
[WhiteClock "0:00:02"]
[BlackClock "0:00:14"]

1. e4 c5 2. c3 Nf6 3. e5 Nd5 4. d4 cxd4 5. Nf3 Nc6 6. Bc4 Nb6 7. Bb3 d5 8. exd6 Qxd6 9. O-O Be6 10. Bxe6 Qxe6 11. Re1 Qd6 12. Nxd4 Nxd4 13. Qxd4 Qxd4 14. cxd4 e6 15. Nc3 Rd8 16. Be3 Nd5 17. Nxd5 Rxd5 18. Rac1 Kd7 19. Rc4 Bd6 20. Rec1 h5 21. h3 a6 22. Kf1 Rb5 23. b3 Ra5 24. R1c2 Rd5 25. Ke2 Ra8 26. Kf3 a5 27. a4 b5 28. Rc6 Ra7 29. Rb6 bxa4 30. bxa4 Rc7 31. Rbb2 Bb4 32. g4 hxg4+ 33. hxg4 f5 34. gxf5 exf5 35. Rxc7+ Kxc7 36. Rc2+ Kd7 37. Rc1 Ke6 38. Rc6+ Kf7 39. Rb6 g6 40. Rb7+ Ke6 41. Rb6+ Rd6 42. Rb5 Kf6 43. d5 g5 44. Bd4+ Kg6 45. Be5 Rd7 46. Rb6+ Kh5 47. d6 Bd2 48. Ke2 Bb4 49. Kd3 Kg4 50. Kd4 f4 51. Kd5 Kf5 52. f3 Rh7 53. Rc6 g4 54. fxg4+ Kxg4 55. Rc7 Rh5 56. d7 Be7 57. Rc8 f3 58. Re8 f2 59. Rxe7 f1=Q 60. Rg7+ Kh3 61. Rg3+ Kh2 0-1


[Site "https://www.chess.com"]

[Event "Titled Tuesday Blitz January 25 2022"]
[White "Odegov, Artem"]
[Black "Bluebaum, Matthias"]
[WhiteFideId "34183644"]
[BlackFideId "24651516"]
[WhiteElo "2277"]
[BlackElo "2550"]
[Result "1-0"]
[Round "04"]
[TimeControl "180+1"]
[Date "2022.01.26"]
[WhiteClock "0:00:08"]
[BlackClock "0:00:06"]

1. d4 Nf6 2. c4 e6 3. Nf3 d5 4. Nc3 Bb4 5. Bg5 h6 6. Bxf6 Qxf6 7. e3 O-O 8. Be2 dxc4 9. Bxc4 c5 10. O-O cxd4 11. exd4 Rd8 12. Ne4 Qe7 13. a3 Ba5 14. b4 Bb6 15. Re1 Nc6 16. d5 exd5 17. Bxd5 Bg4 18. Nc5 Qc7 19. Rc1 Rd6 20. Qb3 Rad8 21. Bxc6 Rxc6 22. Ne5 Be6 23. Qg3 Rxc5 24. bxc5 Ba5 25. Rf1 Bd2 26. Rc2 Qa5 27. c6 Bc3 28. Qxc3 Qa6 29. c7 Rc8 30. Nd3 Bf5 31. Nf4 Bxc2 32. Qxc2 Qd6 33. g3 Rxc7 34. Qd3 Qe7 35. Rd1 Qe8 36. Qd8 Qxd8 37. Rxd8+ Kh7 38. Nd5 Rc1+ 39. Kg2 Ra1 40. Rb8 b6 41. Rb7 Rxa3 42. Rxf7 Kg8 43. Rd7 Ra2 44. Nf4 g5 45. Ne6 b5 46. Nd4 b4 47. Rb7 a5 48. Nc6 Ra3 49. Rb5 b3 50. Nxa5 b2 51. Nc4 Rc3 52. Nxb2 Rc2 53. Na4 Kf7 54. Nc5 Kg6 55. Ne4 Rc6 56. g4 Rc4 57. f3 Rc2+ 58. Kg3 Rc1 59. h3 Kg7 60. Rb6 Rg1+ 61. Kf2 Ra1 62. Nc5 Ra2+ 63. Kg3 Ra3 64. Ne6+ Kh7 65. Nd4 Ra1 66. Nf5 Rg1+ 67. Kf2 Ra1 68. Rxh6+ Kg8 69. Rb6 Kf7 70. h4 Rb1 71. Rxb1 1-0


[Site "https://www.chess.com"]

[Event "Titled Tuesday Blitz January 25 2022"]
[White "Pajeken, Jakob Leon"]
[Black "Punin, Andrii"]
[WhiteFideId "12942839"]
[BlackFideId "14112639"]
[WhiteElo "2351"]
[BlackElo "2357"]
[Result "1/2-1/2"]
[Round "04"]
[TimeControl "180+1"]
[Date "2022.01.26"]
[WhiteClock "0:00:19"]
[BlackClock "0:00:10"]

1. d4 Nf6 2. Nf3 d5 3. c4 e6 4. Bf4 Bb4+ 5. Nbd2 dxc4 6. e3 O-O 7. Bxc4 c5 8. a3 Bxd2+ 9. Qxd2 cxd4 10. exd4 Nd5 11. Bg5 Qd6 12. O-O b6 13. Bh4 Ba6 14. Bg3 Qd8 15. Bxd5 Qxd5 16. Rfe1 Nd7 17. Ne5 Bb7 18. f3 Rac8 19. Re4 Nxe5 20. Rxe5 Qd7 21. Rd1 f6 22. Rh5 Qf7 23. Rb5 Qg6 24. Qe2 Rfe8 25. Rb4 Qc2 26. Rd2 Qb1+ 27. Kf2 Bd5 28. a4 Rc1 29. Qb5 Bc6 30. Qe2 Rh1 31. Ke3 Bd5 32. Qb5 Kf7 33. Bd6 Qg1+ 34. Kd3 Rd8 35. Bc7 Qf1+ 36. Re2 Qd1+ 37. Rd2 Qb1+ 38. Ke3 Re8 39. Bd6 Qe1+ 40. Kd3 Qf1+ 41. Re2 Rd8 42. Bc7 Re8 43. Bd6 Rd8 44. Bc7 1/2-1/2


[Site "https://www.chess.com"]

[Event "Titled Tuesday Blitz January 25 2022"]
[White "Perske, Thore"]
[Black "Siddharth, Jagadeesh"]
[WhiteFideId "12902195"]
[BlackFideId "5818320"]
[WhiteElo "2315"]
[BlackElo "2127"]
[Result "1/2-1/2"]
[Round "04"]
[TimeControl "180+1"]
[Date "2022.01.26"]
[WhiteClock "0:00:05"]
[BlackClock "0:00:21"]

1. e4 c6 2. d4 d5 3. e5 c5 4. dxc5 e6 5. a3 Bxc5 6. Qg4 Ne7 7. Bd3 Qb6 8. Qg3 Nbc6 9. Nf3 a5 10. O-O Bd7 11. Nc3 Nd4 12. Nxd4 Bxd4 13. Ne2 Ng6 14. Nxd4 Qxd4 15. Re1 O-O 16. Rb1 Rfc8 17. c3 Qh4 18. Bxg6 Qxg3 19. Bxf7+ Kxf7 20. hxg3 Bb5 21. Be3 Bd3 22. Rbd1 Bf5 23. f3 h5 24. Kf2 a4 25. Rd4 Ra5 26. Rb4 b5 27. Rh1 Bg6 28. Rhh4 Rc4 29. Rf4+ Ke8 30. Bb6 Ra8 31. Rxb5 Rxf4 32. gxf4 Rb8 33. Rb4 Kd7 34. Bd4 Rxb4 35. cxb4 Kc6 36. Ke3 Bf5 37. Bc3 Kb5 38. Kd4 h4 39. Be1 h3 40. gxh3 Bxh3 41. Kc3 Bf5 42. Bf2 g6 43. b3 Bh3 44. bxa4+ Kxa4 45. Kb2 Bg2 46. Bd4 Bxf3 47. Be3 Be2 48. Bd4 Kb5 49. Kc3 Bd1 50. Be3 Bf3 51. Kb3 Bd1+ 52. Kc3 Bf3 53. Kb3 Bd1+ 54. Kc3 1/2-1/2


[Site "https://www.chess.com"]

[Event "Titled Tuesday Blitz January 25 2022"]
[White "Piorun, Kacper"]
[Black "Petrovskyi, Vadym"]
[WhiteFideId "1130420"]
[BlackFideId "14165210"]
[WhiteElo "2880"]
[BlackElo "2743"]
[Result "1-0"]
[Round "04"]
[TimeControl "180+1"]
[Date "2022.01.26"]
[WhiteClock "0:00:55"]
[BlackClock "0:00:22"]

1. c4 Nf6 2. d4 g6 3. Nf3 Bg7 4. e3 O-O 5. Be2 d6 6. O-O Nbd7 7. Nc3 e5 8. b4 Re8 9. a4 exd4 10. exd4 c5 11. Ba3 cxd4 12. Nxd4 Ne4 13. Bb2 Nxc3 14. Bxc3 a5 15. bxa5 Nc5 16. Bf3 Ne4 17. Bxe4 Rxe4 18. Qd3 Rg4 19. h3 Rg5 20. Nb5 Bxc3 21. Qxc3 Rxa5 22. Rfe1 Be6 23. Rad1 Rxa4 24. Nxd6 Qb8 25. Ne4 Rga5 26. Nf6+ Kf8 27. Nd7+ Bxd7 28. Qh8# 1-0


[Site "https://www.chess.com"]

[Event "Titled Tuesday Blitz January 25 2022"]
[White "Pranav, V"]
[Black "Espinosa Veloz, Ermes"]
[WhiteFideId "25060783"]
[BlackFideId "3507424"]
[WhiteElo "2349"]
[BlackElo "2333"]
[Result "1-0"]
[Round "04"]
[TimeControl "180+1"]
[Date "2022.01.26"]
[WhiteClock "0:00:57"]
[BlackClock "0:00:36"]

1. e4 c5 2. Nf3 d6 3. Bb5+ Nd7 4. d4 cxd4 5. Qxd4 a6 6. Ba4 b5 7. Bb3 e6 8. O-O Ngf6 9. a4 Rb8 10. axb5 axb5 11. Re1 Be7 12. Nc3 O-O 13. Bg5 Nc5 14. h3 Nxb3 15. cxb3 h6 16. Bh4 b4 17. Na4 e5 18. Qd3 Be6 19. Nd2 d5 20. exd5 Qxd5 21. Qxd5 Nxd5 22. Bxe7 Nxe7 23. Rxe5 Ng6 24. Re4 Rfd8 25. Nc4 Bf5 26. Re3 Rbc8 27. Nab6 Rc6 28. Ra8 Rxa8 29. Nxa8 Ra6 30. Nab6 Ra1+ 31. Kh2 Rd1 32. Re8+ Kh7 33. Ne3 Be6 34. Nxd1 1-0


[Site "https://www.chess.com"]

[Event "Titled Tuesday Blitz January 25 2022"]
[White "Priasmoro, Novendra"]
[Black "Sadovsky, Artem"]
[WhiteFideId "7105029"]
[BlackFideId "4155840"]
[WhiteElo "2309"]
[BlackElo "2369"]
[Result "0-1"]
[Round "04"]
[TimeControl "180+1"]
[Date "2022.01.26"]
[WhiteClock "0:00:39"]
[BlackClock "0:01:32"]

1. e4 g6 2. d4 Bg7 3. Nc3 c6 4. Be3 d5 5. Qd2 dxe4 6. Nxe4 Nd7 7. O-O-O Ngf6 8. Nxf6+ Nxf6 9. Bh6 Ne4 10. Bxg7 Nxd2 11. Bxh8 Nxf1 12. Rxf1 f6 13. Bg7 Qd5 14. Nf3 Qxa2 15. Re1 Kf7 16. Bh6 Qa1+ 17. Kd2 Qxb2 18. Rb1 Qa2 19. Rhc1 a5 20. Be3 a4 21. Ke1 Qc4 22. Nd2 Qc3 23. Kf1 a3 24. Rb3 Qa5 25. Ra1 Be6 26. c4 Qxd2 27. Bxd2 Bxc4+ 28. Ke1 Bxb3 29. Bb4 a2 30. Kd2 Bd5 31. g3 Ra4 32. Kc3 b5 33. Bc5 e5 34. Kd3 Ke6 35. f4 exf4 36. gxf4 Kf5 37. Ke3 Be4 38. Bd6 b4 39. Kd2 Bb1 40. Bc7 Ke4 41. Bd8 f5 42. Bc7 Kd5 43. Kc1 Ra3 44. Kb2 Rh3 45. Be5 Kc4 0-1


[Site "https://www.chess.com"]

[Event "Titled Tuesday Blitz January 25 2022"]
[White "Pultinevicius, Paulius"]
[Black "Ovetchkin, Roman"]
[WhiteFideId "12809390"]
[BlackFideId "4119991"]
[WhiteElo "2413"]
[BlackElo "2409"]
[Result "1/2-1/2"]
[Round "04"]
[TimeControl "180+1"]
[Date "2022.01.26"]
[WhiteClock "0:00:26"]
[BlackClock "0:00:03"]

1. b3 Nf6 2. Bb2 g6 3. Nf3 Bg7 4. e3 O-O 5. d4 d5 6. h3 c5 7. Bd3 Nc6 8. O-O cxd4 9. exd4 Nb4 10. Be2 Bf5 11. Na3 Rc8 12. c3 Nc6 13. Nc2 Ne4 14. Ne3 Be6 15. Bd3 Bh6 16. Qe2 f5 17. Rfd1 Bf7 18. Rac1 e6 19. c4 Qa5 20. a3 Qb6 21. b4 a6 22. b5 axb5 23. cxd5 exd5 24. Bxb5 Be6 25. a4 Na5 26. Ne5 Nb3 27. Rxc8 Rxc8 28. Bd7 Bxd7 29. Nxd7 Qe6 30. Nxd5 Qxd5 31. Nb6 Qc6 32. Nxc8 Qxc8 33. d5 Nbc5 34. d6 Nd7 35. Qb5 Qc6 36. Qxc6 bxc6 37. a5 Nec5 38. Bd4 Na6 39. Rb1 c5 40. Rb7 cxd4 41. Rxd7 d3 42. Kf1 d2 43. Ke2 Nc5 44. Re7 Na4 45. Re3 Bxe3 46. fxe3 Kf7 47. Kxd2 Ke6 48. a6 Kxd6 49. a7 Nb6 50. Kd3 Kc7 51. Kd4 Kb7 52. Ke5 Nc4+ 53. Kf6 Nxe3 54. g3 Nf1 55. g4 f4 56. Kg5 f3 57. Kf4 Nd2 58. Ke3 Nc4+ 59. Kxf3 h6 60. Kf4 Kxa7 61. Ke4 Kb6 62. Kd5 Ne3+ 63. Ke6 Ng2 64. Kf6 Nh4 65. Kg7 h5 66. gxh5 gxh5 67. Kh6 Nf3 68. Kxh5 Kc5 69. Kg4 Ne5+ 70. Kf5 Nf3 71. Kf4 Nh4 72. Kg5 Ng2 73. Kg4 Kd5 74. Kg3 Ne3 75. Kf4 Ng2+ 76. Kf5 Ne3+ 77. Kf6 Ng2 78. h4 Nxh4 1/2-1/2


[Site "https://www.chess.com"]

[Event "Titled Tuesday Blitz January 25 2022"]
[White "Romanchuk, Viktor"]
[Black "Samunenkov, Ihor"]
[WhiteFideId "14109271"]
[BlackFideId "14187086"]
[WhiteElo "2242"]
[BlackElo "2406"]
[Result "0-1"]
[Round "04"]
[TimeControl "180+1"]
[Date "2022.01.26"]
[WhiteClock "0:00:14"]
[BlackClock "0:00:05"]

1. d4 d5 2. c4 e6 3. Nc3 a6 4. cxd5 exd5 5. Nf3 Nf6 6. Bf4 Bd6 7. Bg3 O-O 8. e3 Bf5 9. Bd3 Bxd3 10. Qxd3 c6 11. O-O Bxg3 12. hxg3 Qd6 13. Rab1 Nbd7 14. b4 b5 15. Rfc1 Nb6 16. e4 dxe4 17. Nxe4 Nxe4 18. Qxe4 Nc4 19. Ne5 Nd2 20. Qxc6 Qxc6 21. Nxc6 Nxb1 22. Rxb1 f6 23. d5 Kf7 24. Rd1 Rac8 25. Rd3 Rfe8 26. Kf1 Re4 27. f3 Ree8 28. g4 Rc7 29. Nd4 Rd7 30. Nf5 g6 31. Ne3 Rc8 32. Ra3 Rd6 33. Kf2 Ke7 34. Rd3 Kd7 35. Rd1 Rc7 36. Ke2 Ke7 37. Kd3 Rd8 38. Kd4 Kd6 39. Rh1 Re8 40. Rd1 Rec8 41. Rh1 Ra8 42. Rd1 a5 43. bxa5 Rxa5 44. Rd2 Ra4+ 45. Kd3 Ra3+ 46. Ke2 Re7 47. Rd3 Rxd3 48. Kxd3 Ra7 49. Nc2 Kxd5 50. a3 Kc5 51. Kc3 Re7 52. Kd3 h5 53. gxh5 gxh5 54. g4 h4 55. Ne3 h3 56. Nf1 Re1 57. Ng3 h2 58. Ne4+ Rxe4 59. Kxe4 h1=Q 0-1


[Site "https://www.chess.com"]